 Dungeon Crawl Stone Soup version 0.28.0-43-g3370ac3207 (webtiles) character file.

Game seed: 12144997925505408545

67 mortz the Firebug (level 4, -3/39 HPs)
             Began as an Ogre Fire Elementalist on Mar 27, 2022.
             Slain by a gnoll
             ... wielding a +0 halberd
              (11 damage)
             ... on level 2 of the Dungeon.
             The game lasted 00:08:04 (1874 turns).

mortz the Firebug (Ogre Fire Elementalist)          Turns: 1874, Time: 00:08:04

Health: -3/39      AC:  3    Str: 12    XL:     4   Next: 16%
Magic:  3/8        EV: 10    Int: 18    God:
Gold:   55         SH:  0    Dex: 15    Spells: 5/8 levels left

rFire   . . .      SeeInvis .   e - +0 dagger {short}
rCold   . . .      Faith    .   (no shield)
rNeg    . . .      Spirit   .   a - +0 robe
rPois   .          Reflect  .   (helmet restricted)
rElec   .          Harm     .   (no cloak)
rCorr   .          Rampage  .   (gloves unavailable)
Will    .....                   (boots unavailable)
Stlth   ++........              (no amulet)
HPRegen 0.13/turn               b - +6 ring of dexterity
MPRegen 0.11/turn               (no ring)

@: no status effects
A: large, unfitting armour, tough skin 1
a: no special abilities


You were on level 2 of the Dungeon.
You visited 1 branch of the dungeon, and saw 2 of its levels.

You collected 55 gold pieces.


Innate Abilities, Weirdness & Mutations

You are too large for most types of armour.
You have tough skin. (AC +1)


   Skills:
 + Level 0.1 Maces & Flails
 + Level 1.8 Dodging
 + Level 1.7 Stealth
 + Level 2.7 Spellcasting
 + Level 1.6 Conjurations
 + Level 3.7 Fire Magic


You had 5 spell levels left.
You knew the following spells:

 Your Spells              Type           Power      Damage    Failure   Level
a - Foxfire               Conj/Fire      48%        2x1d6     5%          1
b - Scorch                Fire           30%        2d7       5%          2

Your spell library contained the following spells:

 Spells                   Type           Power      Damage    Failure   Level
 Conjure Flame            Conj/Fire      12%        6-21      17%         3
 Inner Flame              Hex/Fire       9%         N/A       24%         3
 Flame Wave               Conj/Fire      12%        2d6       50%         4

Inventory:

Hand Weapons
 c - a +0 whip {mace}
   (You took it off a kobold on level 1 of the Dungeon)
 e - a +0 dagger (weapon) {short}
   (You found it on level 1 of the Dungeon)
Missiles
 d - 50 stones {throwing}
Armour
 a - a +0 robe (worn)
Jewellery
 b - a +6 ring of dexterity (left hand)
   (You found it on level 1 of the Dungeon)
Scrolls
 f - a scroll of teleportation {unknown}
 g - a scroll of holy word {unknown}
 i - a scroll of identify {unknown}
Potions
 h - a potion of attraction {unknown}

Dungeon Overview and Level Annotations

Branches:
Dungeon (2/15)

Altars:
J

#. .###..#.#g
....##.#. #.....#.g
##.#...##.##
##....#.###g#
##...g...##.## .#
#.#...v.g..#.## #.#
#....v@.gg..######.#
###..ยงv............#
##....>.#####....#
##.....##....##.# #
##.#........##.###.
#.##.##........##.
#.##.>............
#..............##.
#..........###.


You could see 4 gnolls.


Message History

The foxfire hits the hobgoblin. x2
You kill the hobgoblin!
A rat comes into view.
Casting: Foxfire (safe; 6% risk of failure)
Press: ? - help, Q - select action, (/) - cycle Dir - look around, f - activate You conjure some foxfire! ๐Ÿ˜Ž MP[-1]
You lost 1 mp, and now have 4/7 mp.
You miss the adder.
The foxfire hits the adder. x2; The adder misses you.
You barely miss the adder. The adder barely misses you.
The adder bites you. ๐Ÿ˜• HP[-2]
You take 2 damage, and now have 29/31 hp.
Casting: Foxfire (safe; 6% risk of failure)
Press: ? - help, Q - select action, (/) - cycle Dir - look around, f - activate You miscast Foxfire.
You are very lightly contaminated with residual magic.
Nothing appears to happen.
The adder barely misses you. ๐Ÿ˜• MP[-1]
You lost 1 mp, and now have 3/7 mp.
Casting: Foxfire (safe; 6% risk of failure)
Press: ? - help, Q - select action, (/) - cycle Dir - look around, f - activate You conjure some foxfire!
The adder bites you but does no damage. ๐Ÿ˜• MP[-1]
You lost 1 mp, and now have 2/7 mp.
You barely miss the adder.
The foxfire hits the adder.
You kill the adder!
The foxfire hits the rat.
You kill the rat!
You have reached level 4! ๐Ÿ˜• HP[+8] MP[+1]
You now have 39 max hp (+8).
You regained 8 hp, and now have 37/39 hp.
You start resting.
Your magical contamination has completely faded away.
You start resting. ๐Ÿ˜Ž HP[+2] MP[+1]
Your hp is fully restored (39).
You see here an adder corpse.
Things that are here:
a +0 whip {mace}; a kobold corpse; ๐Ÿ˜Ž MP[+4]
Your mp is fully restored (8).
Found a stone staircase leading down.
Found a stone staircase leading down. 4 gnolls come into view.
The gnoll shouts! x3
The gnoll hits you with a +0 flail.
An endoplasm comes into view.
The gnoll hits you from afar with a +0 halberd. ๐Ÿ˜ฎ HP[-11]
You take 11 damage, and now have 28/39 hp.
MASSIVE DAMAGE!! (PAUSE)
There are no items here. ๐Ÿ˜ฎ HP[+1]
A rat comes into view.
Casting: Foxfire (safe; 5% risk of failure)
Press: ? - help, Q - select action, (/) - cycle Dir - look around, f - activate You conjure some foxfire! ๐Ÿ˜ฎ MP[-1]
You lost 1 mp, and now have 7/8 mp.
Casting: Foxfire (safe; 5% risk of failure)
Press: ? - help, Q - select action, (/) - cycle Dir - look around, f - activate You conjure some foxfire!
The foxfire hits the rat.
You kill the rat!
The foxfire hits the endoplasm.
The endoplasm hits you but does no damage. ๐Ÿ˜ฎ MP[-1]
You lost 1 mp, and now have 6/8 mp.
Casting: Foxfire (safe; 5% risk of failure)
Press: ? - help, Q - select action, (/) - cycle Dir - look around, f - activate You conjure some foxfire!
The foxfire hits the gnoll but does no damage.
The gnoll hits you from afar with a +0 halberd!
The endoplasm freezes you.
You are frozen.
* * * LOW HITPOINT WARNING * * *
๐Ÿ˜จ HP[-13] MP[-1]
You take 13 damage, and now have 16/39 hp.
MASSIVE DAMAGE!! (PAUSE)
You lost 1 mp, and now have 5/8 mp.
Casting: Foxfire (safe; 5% risk of failure)
Press: ? - help, Q - select action, (/) - cycle Dir - look around, f - activate You conjure some foxfire!
The foxfire hits the endoplasm.
You kill the endoplasm!
The foxfire hits the gnoll. x2
The gnoll hits you from afar with a +0 halberd!
* * * LOW HITPOINT WARNING * * *
๐Ÿ˜ฑ HP[-8] MP[-1]
You take 8 damage, and now have 8/39 hp.
MASSIVE DAMAGE!! (PAUSE)
You lost 1 mp, and now have 4/8 mp.
Casting: Foxfire (safe; 5% risk of failure)
Press: ? - help, Q - select action, (/) - cycle Dir - look around, f - activate You conjure some foxfire!
The foxfire hits the gnoll.
The gnoll hits you from afar with a +0 halberd!
You die...

Skill      XL: |  1  2  3 |
---------------+----------+-----
Fire Magic     | 3 |  3.7
Conjurations   | 1 |  1.6
Maces & Flails | |  0.1
Dodging        | |  1.8
Stealth        | |  1.7
Spellcasting   | |  2.7

Action                   |  1- 3 |  4- 6 || total
-------------------------+-------+-------++-------
Melee: Whip              |     2 |       ||     2
       Dagger            |     8 |       ||     8
 Cast: Foxfire           |    41 |     5 ||    46
       Scorch            |     7 |       ||     7
Armor: Robe              |     6 |     1 ||     7
Dodge: Dodged            |     6 |       ||     6

Levels and vault maps discovered:
D:1:      minmay_arrival_checkered_box, layout_basic
D:2:      layout_loops_ring, ebering_ecumenical_altar_sacrificial, uniq_sigmund

Notes
Turn   | Place    | Note
-------+----------+-------------------------------------------
     0 | D:1      | mortz the Ogre Fire Elementalist began the quest for the
                  | Orb.
     0 | D:1      | Reached XP level 1. HP: 16/16 MP: 3/3
     0 | D:1      | magus.rc [v1.9.6]
   216 | D:1      | Reached skill level 3 in Fire Magic
   255 | D:1      | Reached XP level 2. HP: 24/24 MP: 0/5
   784 | D:1      | Learned a level 2 spell: Scorch
  1202 | D:1      | Reached XP level 3. HP: 31/31 MP: 4/6
  1411 | D:2      | Reached skill level 1 in Conjurations
  1797 | D:2      | Reached XP level 4. HP: 37/39 MP: 3/8
  1873 | D:2      | HP: 8/39 [gnoll/+0 halberd (9)]
  1874 | D:2      | Slain by a gnoll

Vanquished Creatures
  3 adders (D:2)
  6 endoplasms
  4 goblins
  3 hobgoblins
  4 quokkas
  5 ball pythons
  A bat (D:2)
  2 frilled lizards
  7 kobolds
  2 rats (D:2)
37 creatures vanquished.

Vanquished Creatures (others)
  79 foxfires
79 creatures vanquished.

Grand Total: 116 creatures vanquished

Table legend:
 A = Non-vault XP
 B = Vault XP
 C = Vault XP percentage of total XP
 D = Non-vault monster count
 E = Vault monster count
 F = Vault count percentage of total count
                 A         B        C        D         E       F
            +---------+---------+-------+---------+---------+-------
      Total |      96 |       0 |   0.0 |      37 |       0 |   0.0
            +---------+---------+-------+---------+---------+-------
        D:1 |      34 |       0 |   0.0 |      20 |       0 |   0.0
        D:2 |      62 |       0 |   0.0 |      17 |       0 |   0.0
            +---------+---------+-------+---------+---------+-------

Illustrated notes

Table legend:
 A = Kills in this place as a percentage of kills in entire the game.
 B = Kills by you in this place as a percentage of kills by you in the entire game.
 C = Kills by friends in this place as a percentage of kills by friends in the entire game.
 D = Other kills in this place as a percentage of other kills in the entire game.
 E = Experience gained in this place as a percentage of experience gained in the entire game.
 F = Experience gained in this place divided by the number of levels of this place that you have seen.
                   A       B       C       D       E      F
               +-------+-------+-------+-------+-------+----------------------
         Total | 100.0 | 100.0 |   N/A |   N/A | 100.0 |  48.0
       Dungeon | 100.0 | 100.0 |   N/A |   N/A | 100.0 |  48.0
               +-------+-------+-------+-------+-------+----------------------

Table legend: (Time is in decaauts)
 A = Elapsed time spent in this place.
 B = Non-inter-level travel time spent in this place.
 C = Inter-level travel time spent in this place.
 D = Time resting spent in this place.
 E = Time spent auto-exploring this place.
 F = Levels seen in this place.
 G = Mean time per level.
                   A        B        C        D        E       F      G
               +--------+--------+--------+--------+--------+-----+--------+
         Total |   1872 |   1845 |     27 |    126 |   1462 |   2 |  936.0 |
       Dungeon |   1872 |   1845 |     27 |    126 |   1462 |   2 |  936.0 |
               +--------+--------+--------+--------+--------+-----+--------+

Top non-repeatable levels by time:
     D:1: 1299 daAuts
     D:2: 572 daAuts
